 Dungeon Sprint DCSS version 0.22-a0-423-g4197694 (webtiles) character file.

61357 Goblin1989 the Demonic Aeon (level 14, -9/126 HPs)
             Began as a Demonspawn Fighter on May 24, 2018.
             Was the Champion of Cheibriados.
             Killed from afar by Xtahua (70 damage)
             ... with a searing blast
             ... in the Dungeon (Sprint IX: "|||||||||||||||||||||||||||||").
             The game lasted 00:19:50 (3578 turns).

Goblin1989 the Demonic Aeon (Demonspawn Fighter)    Turns: 3578, Time: 00:19:52

Health: -9/126     AC: 25    Str: 36    XL:     14   Next: 60%
Magic:  4/9        EV: 27    Int: 26    God:    Cheibriados [******]
Gold:   1912       SH: 25    Dex: 27    Spells: 13/13 levels left

rFire    . . .     SeeInvis .   W - +5 demon whip "Spellbinder" {antimagic, MR+}
rCold    . . .     Gourm    .   c - +0 shield
rNeg     . . .     Faith    .   L - +0 plate armour
rPois    .         Spirit   .   (helmet restricted)
rElec    .         Reflect  +   H - +1 cloak {+Inv}
rCorr    .         Harm     .   T - +1 pair of gloves of the Morning Star {+Fly}
MR       ++...     NoTele   +   V - +1 pair of boots
Stlth    ..........             Y - +2 amulet of reflection
HPRegen  0.31/turn              I - +2 ring of evasion
MPRegen  0.11/turn              J - +2 ring of evasion

@: very slightly contaminated, very slow
A: antennae 1, large bone plates 2, powered by death 2, spiny 2
a: Bend Time, Temporal Distortion, Slouch, Step From Time, Renounce Religion,
Evoke Invisibility, Evoke Flight


You were in the Dungeon.
You worshipped Cheibriados.
Cheibriados was exalted by your worship.
You were not hungry.

You visited 1 branch You collected 1912 gold pieces.

Inventory:

Hand Weapons
 W - the +5 demon whip "Spellbinder" (weapon) {antimagic, MR+}
   (You found it in the Dungeon)

   It reduces the magical energy of the wielder, and disrupts the spells and
   magical abilities of those hit.
   Natural abilities and divine invocations are not affected.
   It affects your resistance to hostile enchantments.
Missiles
 Z - a throwing net (quivered) {!d , @Q1}
Armour
 c - a +0 shield (worn)
 H - a +1 cloak of invisibility (worn)
 L - a +0 plate armour (worn)
 N - +0 swamp dragon scales
 T - the +1 pair of gloves of the Morning Star (worn) {+Fly}
   (You found it in the Dungeon)

   It lets you fly.
 V - a +1 pair of boots (worn)
Jewellery
 f - an uncursed ring of protection from fire
 I - a +2 ring of evasion (left hand)
 J - a +2 ring of evasion (right hand)
 Y - a +2 amulet of reflection (around neck)
Wands
 F - a wand of acid (10) {@v2}
Scrolls
 B - a scroll of blinking
 E - 4 scrolls of remove curse {@r3}
 P - 8 scrolls of enchant weapon
 Q - 2 scrolls of enchant armour
 R - 2 scrolls of identify {@r1}
 S - a scroll of fear
Potions
 i - 4 potions of magic
 K - 3 potions of might {@q4}
 M - 3 potions of brilliance
 O - 2 potions of mutation {!q}
 X - 3 potions of curing {@q1}
Comestibles
 e - 12 rations
 U - 7 chunks of flesh


   Skills:
 + Level 16.9 Fighting
 * Level 17.3 Maces & Flails
 + Level 15.7 Armour
 + Level 15.2 Dodging
 - Level 15.0 Shields
 + Level 20.3 Invocations


You had 13 spell levels left.
You didn't know any spells.
Your spell library was empty.

Dungeon Overview and Level Annotations

Branches:
Dungeon (1/1)

Altars:
Cheibriados
Dithmenos
Elyvilon
Fedhas
Gozag
Hepliaklqana
Kikubaaqudgha
Makhleb
Nemelex Xobeh
Okawaru
Qazlal
Ru
Sif Muna
Trog
Uskayaw
Vehumet
Wu Jian
Xom
Yredelemnul
Zin
The Shining One
Beogh
Jiyva
Lugonu

Shops:
D }((*

Annotations:
D Frances, Xtahua


Innate Abilities, Weirdness & Mutations

You have a pair of small antennae on your head.
You are mostly covered in large bone plates. (SH +6)
You regenerate health from kills.
You are mostly covered in sharp spines.


Message History

Key pressed, stopping explore.
Your worldbinder disappears in a puff of smoke!
You open the door.
There is an open door here.
Key pressed, stopping explore.
Key pressed, stopping explore.
Frances, Duchess of Pandemonium comes into view.
She is wielding a long sword of holy wrath.
Frances shouts!
Frances moves out of view.
Xtahua the Ancient comes into view.
Unknown command.
Unknown command.
Xtahua roars deafeningly!
Frances howls an indescribable curse.
Xtahua breathes flames at you. The searing blast hits you!
Ouch! That really hurt!
You take 68 damage, and have 58/126 hp.
MASSIVE DAMAGE!!
You are too injured to fight recklessly!
You are too injured to fight recklessly!
You are too injured to fight recklessly!
You are too injured to fight recklessly!
You are too injured to fight recklessly!
You are too injured to fight recklessly!
You are too injured to fight recklessly!
You are too injured to fight recklessly!
You are too injured to fight recklessly!
You are too injured to fight recklessly!
You are too injured to fight recklessly!
You are too injured to fight recklessly!
You are too injured to fight recklessly!
You are too injured to fight recklessly!
You are too injured to fight recklessly!
You are too injured to fight recklessly!
You are too injured to fight recklessly!
You are too injured to fight recklessly!
You are too injured to fight recklessly!
You are too injured to fight recklessly!
You are too injured to fight recklessly!
You are too injured to fight recklessly!
You are too injured to fight recklessly!
Unknown command.
Xtahua breathes flames at you. The searing blast misses you.
Xtahua roars overwhelmingly at you!
You suddenly lose the ability to move!
You can move again.
Unknown command.
Xtahua thunders ferociously at you!
You shrug off the repeated paralysis!
Frances whispers indecipherable words.
Frances screams a word of power!
Frances seems to speed up.
Unknown command.
You hit Xtahua but do no damage. Xtahua breathes flames at you.
The searing blast misses you.
You hit Xtahua.
Xtahua's magic leaks into the air.
Xtahua grows more vulnerable to poison.
Xtahua is lightly wounded.
You whack Xtahua!
Xtahua's magic leaks into the air.
Venomous gases pour from Xtahua's front talons!
Xtahua is lightly wounded.
You are engulfed in poison gas.
You are poisoned.
You feel sick.
The chaos spawn is engulfed in poison gas.
The chaos spawn is poisoned.
Xtahua is engulfed in poison gas.
Xtahua is poisoned.
Xtahua bites you but does no damage. You block Xtahua's attack.
Xtahua closely misses you.
You take 1 damage, and have 59/126 hp.
You thrash Xtahua!!
Xtahua's magic leaks into the air.
Xtahua's body glows momentarily.
Xtahua is moderately wounded.
You are engulfed in poison gas.
You are more poisoned.
* * * LOW HITPOINT WARNING * * *
You feel sick.
Frances is engulfed in poison gas.
Frances is poisoned.
You take 5 damage, and have 54/126 hp.
Okay, then.
Blink to where?
Press: ? - help, Dir - move target cursor You are very lightly contaminated with residual magic.
As you read the scroll of blinking, it crumbles to dust.
You feel sick.
Some of the chunks of flesh in your inventory have rotted away.
You take 1 damage, and have 53/126 hp.
You feel better.
Xtahua is engulfed in poison gas.
Xtahua looks even sicker.
You regained 7 hp, and now have 60/126 hp.
You can feel time thicken for a moment.
You feel somewhat more hungry.
Xtahua is engulfed in poison gas.
Xtahua looks as sick as possible!
You now have 4/9 mp.
Unknown command.
Unknown command.
Xtahua is no longer more vulnerable to poison.
Frances is engulfed in poison gas.
Frances looks even sicker.
Frances is engulfed in poison gas.
Frances looks as sick as possible!
Frances whispers indecipherable words.
Xtahua breathes flames at you. The searing blast hits you!
Ouch! That really hurt!
You die...

.▓.▓.▓!▓.▓∆▓.▓.▓.▓
.▓)▓.▓.▓.♣.♣.▓.▓.▓
.▓)▓.▓.▓.♣.♣.▓.▓.▓
.▓)▓.▓.▓.♣.♣.▓.▓.▓
.▓)▓.▓[▓.♣.♣.▓.▓.▓
.▓)▓.▓[▓.♣.♣.▓.▓.▓
.▓)▓.▓[▓.♣.♣.▓.▓.▓
.▓)▓.▓[▓.♣.♣.▓.▓.▓
.▓∆▓.▓.▓.♣.♣.▓÷▓@▓
.▓.▓.▓.▓.♣.♣.▓.▓.▓
.▓.▓.▓.▓.♣∆♣.▓[▓.▓
.▓.▓.▓[▓[▓†▓.▓[▓D▓
.▓.▓.▓.▓.▓.▓.▓)▓§▓
.▓.▓.▓)▓.▓.▓.▓)▓@▓
.▓[▓.▓)▓.▓)▓.▓.▓3▓
.▓)▓.▓)▓.▓.▓.▓[▓4▓
.▓)▓.▓)▓.▓.▓.▓)▓.▓


You could see Frances, Xtahua, a smoke demon and a chaos spawn.

Vanquished Creatures
  An azure jelly (D)
  A vault warden (D)
  Aizul (D)
  An ironheart preserver (D)
  A very ugly thing (D)
  4 stone giants (D)
  An entropy weaver (D)
  A vampire knight (D)
  2 ettins (D)
  A fire dragon (D)
  Josephine (D)
  2 yaktaur captains (D)
  Harold (D)
  A catoblepas (D)
  3 ice dragons (D)
  Erica (D)
  A death knight (D)
  A ghost crab (D)
  2 alligators (D)
  2 centaur warriors (D)
  4 death yaks (D)
  A merfolk avatar (D)
  A tengu warrior (D)
  A two-headed ogre (D)
  A merfolk aquamancer (D)
  A vampire mage (D)
  A deep troll earth mage (D)
  A spriggan berserker (D)
  A sea snake (D)
  A skeletal warrior (D)
  A wizard (D)
  An unseen horror (D)
  A naga ritualist (D)
  An ironbrand convoker (D)
  A spriggan druid (D)
  An ugly thing (D)
  A harpy (D)
  A necromancer (D)
  14 orc knights (D)
  2 orb spiders (D)
  A wolf spider (D)
  2 cyclopes (D)
  2 manticores (D)
  2 orc sorcerers (D)
  An elephant (D)
  Maurice (D)
  3 black mambas (D)
  2 vault sentinels (D)
  A water nymph (D)
  A gargoyle (D)
  4 naga magi (D)
  3 spiny frogs (D)
  A rime drake (D)
  3 yaktaurs (D)
  A komodo dragon (D)
  A tengu conjurer (D)
  A jumping spider (D)
  A wind drake (D)
  A bog body (D)
  A tyrant leech (D)
  A polar bear (D)
  A jumping spider (shapeshifter) (D)
  2 slime creatures (D)
  A hornet (D)
  A hippogriff (D)
  A snapping turtle (D)
  A redback (shapeshifter) (D)
  A redback (D)
  4 yaks (D)
  A basilisk (D)
  3 wraiths (D)
  3 tarantellas (D)
  Grum (D)
  A vampire mosquito (D)
  2 nagas (D)
  An acid dragon (D)
  A soldier ant (D)
  2 porcupines (D)
  A water moccasin (D)
  A black bear (D)
  13 orc warriors (D)
  2 ice beasts (D)
  3 wolves (D)
  A boggart (D)
  A centaur (D)
  3 bullfrogs (D)
  2 hounds (D)
  4 orc priests (D)
  3 worker ants (D)
  A gnoll (D)
  A shadow imp (D)
  2 adder skeletons (D)
  A leopard gecko (D)
  8 orcs (D)
  A bat (D)
  2 goblins (D)
  A hobgoblin (D)
  A kobold (D)
179 creatures vanquished.

Vanquished Creatures (collateral kills)
  A frost giant (D)
  A very ugly thing (D)
  An ice dragon (D)
  A rakshasa (D)
4 creatures vanquished.

Vanquished Creatures (others)
  A hydra (D)
  An ironbrand convoker (D)
  A naga mage (D)
  A spiny frog (D)
4 creatures vanquished.

Grand Total: 187 creatures vanquished

Notes
Turn   | Place    | Note
-------+----------+-------------------------------------------
     0 | D        | Goblin1989 the Demonspawn Fighter began the quest for the Orb.
     0 | D        | Reached XP level 1. HP: 18/18 MP: 1/1
    21 | D        | Noticed a hound
    21 | D        | Noticed a worker ant
    26 | D        | Gained mutation: You are partially covered in sharp spines. [demonic ancestry]
    26 | D        | Reached XP level 2. HP: 25/25 MP: 2/2
    34 | D        | Gained mutation: You are mostly covered in sharp spines. [demonic ancestry]
    34 | D        | Reached XP level 3. HP: 23/31 MP: 3/3
    37 | D        | Reached skill level 5 in Maces & Flails
    37 | D        | Gained mutation: You are partially covered in large bone plates. (SH +4) [demonic ancestry]
    37 | D        | Reached XP level 4. HP: 25/38 MP: 4/4
    46 | D        | Found a roughly hewn altar of Beogh.
    46 | D        | Found a snail-covered altar of Cheibriados.
    46 | D        | Found a shadowy altar of Dithmenos.
    46 | D        | Found a white marble altar of Elyvilon.
    46 | D        | Found a blossoming altar of Fedhas.
    46 | D        | Found an opulent altar of Gozag.
    47 | D        | Found a hazy altar of Hepliaklqana.
    48 | D        | Found a viscous altar of Jiyva.
    49 | D        | Found an ancient bone altar of Kikubaaqudgha.
    50 | D        | Became a worshipper of Cheibriados the Contemplative
    51 | D        | Found a corrupted altar of Lugonu.
    52 | D        | Found a burning altar of Makhleb.
    53 | D        | Found a sparkling altar of Nemelex Xobeh.
    54 | D        | Found an iron altar of Okawaru.
    55 | D        | Found a stormy altar of Qazlal.
    56 | D        | Found a sacrificial altar of Ru.
    57 | D        | Found a deep blue altar of Sif Muna.
    58 | D        | Found a bloodstained altar of Trog.
    59 | D        | Found a hide-covered altar of Uskayaw.
    60 | D        | Found a radiant altar of Vehumet.
    61 | D        | Found an ornate altar of the Wu Jian Council.
    62 | D        | Found a shimmering altar of Xom.
    63 | D        | Found a basalt altar of Yredelemnul.
    64 | D        | Found a glowing silver altar of Zin.
    65 | D        | Found a glowing golden altar of the Shining One.
   126 | D        | Noticed an orc warrior
   126 | D        | Noticed a black bear
   126 | D        | Noticed an ice beast
   126 | D        | Noticed a two-headed ogre
   136 | D        | Killed a two-headed ogre
   136 | D        | Reached skill level 6 in Invocations
   136 | D        | Reached XP level 5. HP: 34/48 MP: 4/10
   136 | D        | Gained mutation: You regenerate a little health from kills. [demonic ancestry]
   136 | D        | Reached XP level 6. HP: 39/55 MP: 4/11
   136 | D        | Reached XP level 7. HP: 42/60 MP: 4/12
   138 | D        | Reached * piety under Cheibriados
   142 | D        | Reached skill level 7 in Invocations
   143 | D        | Reached ** piety under Cheibriados
   152 | D        | Reached skill level 5 in Dodging
   198 | D        | Noticed a gargoyle
   198 | D        | Noticed a vampire mosquito
   198 | D        | Noticed a centaur warrior
   205 | D        | Killed a centaur warrior
   205 | D        | Reached *** piety under Cheibriados
   205 | D        | Reached skill level 10 in Maces & Flails
   205 | D        | Reached skill level 8 in Invocations
   205 | D        | Reached XP level 8. HP: 64/68 MP: 12/14
   209 | D        | Reached **** piety under Cheibriados
   214 | D        | Killed a gargoyle
   214 | D        | Reached skill level 9 in Invocations
   214 | D        | Gained mutation: You are mostly covered in large bone plates. (SH +6) [demonic ancestry]
   214 | D        | Reached XP level 9. HP: 74/75 MP: 13/15
   356 | D        | Noticed a spiny frog
   356 | D        | Noticed a spiny frog
   363 | D        | Killed a spiny frog
   365 | D        | Reached ***** piety under Cheibriados
   366 | D        | Noticed a rime drake
   368 | D        | Noticed a polar bear
   377 | D        | Reached skill level 10 in Invocations
   389 | D        | Killed a spiny frog
   389 | D        | Reached ****** piety under Cheibriados
   404 | D        | Killed a rime drake
   408 | D        | Killed a polar bear
   705 | D        | Noticed a komodo dragon
   705 | D        | Noticed a black mamba
   708 | D        | Noticed a spiny frog
   720 | D        | Noticed a black mamba
   724 | D        | Killed a black mamba
   724 | D        | Reached skill level 11 in Invocations
   724 | D        | Reached XP level 10. HP: 81/85 MP: 18/18
   731 | D        | Noticed an elephant
   736 | D        | Reached skill level 10 in Fighting
   739 | D        | Killed a spiny frog
   743 | D        | Killed a black mamba
   750 | D        | Killed an elephant
   766 | D        | Noticed a death yak
   766 | D        | Noticed a death yak
   766 | D        | Noticed a death yak
   766 | D        | Noticed a death yak
   766 | D        | Noticed a catoblepas
   781 | D        | Killed a catoblepas
   781 | D        | Reached skill level 12 in Invocations
   793 | D        | Killed a death yak
   793 | D        | Reached skill level 10 in Armour
   793 | D        | Reached skill level 10 in Shields
   797 | D        | Killed a death yak
   797 | D        | Reached XP level 11. HP: 48/92 MP: 8/20
   800 | D        | Killed a death yak
   801 | D        | Killed a death yak
   970 | D        | Noticed Harold
   980 | D        | Killed Harold
   980 | D        | Reached skill level 13 in Invocations
  1015 | D        | Noticed Grum
  1017 | D        | Noticed Josephine
  1020 | D        | Killed Grum
  1030 | D        | Killed Josephine
  1270 | D        | Noticed an orc knight
  1270 | D        | Noticed an orc knight
  1272 | D        | Killed an orc knight
  1275 | D        | Killed an orc knight
  1277 | D        | Reached skill level 10 in Dodging
  1330 | D        | Noticed an orc sorcerer
  1330 | D        | Noticed an orc knight
  1333 | D        | Killed an orc sorcerer
  1334 | D        | Killed an orc knight
  1336 | D        | Noticed an orc knight
  1349 | D        | Noticed an orc sorcerer
  1357 | D        | Reached skill level 14 in Invocations
  1358 | D        | Killed an orc sorcerer
  1359 | D        | Killed an orc knight
  1478 | D        | Found Nuekhleoj's General Store.
  1478 | D        | Noticed an orc knight
  1478 | D        | Noticed an orc knight
  1478 | D        | Noticed an orc knight
  1478 | D        | Noticed an orc knight
  1479 | D        | Noticed an orc knight
  1485 | D        | Killed an orc knight
  1487 | D        | Killed an orc knight
  1487 | D        | Reached skill level 15 in Maces & Flails
  1487 | D        | Gained mutation: You regenerate health from kills. [demonic ancestry]
  1487 | D        | Reached XP level 12. HP: 25/102 MP: 12/22
  1496 | D        | Found Nanoin's Weapon Shop.
  1506 | D        | Found Riorot's Weapon Boutique.
  1529 | D        | Found Nogov's Gadget Shop.
  1726 | D        | Noticed Erica
  1732 | D        | Killed Erica
  1821 | D        | Found the +5 demon whip "Spellbinder" {antimagic, MR+}
  1848 | D        | Got the +1 pair of gloves of the Morning Star {+Fly}
  1886 | D        | Noticed a centaur warrior
  1889 | D        | Reached skill level 15 in Invocations
  1890 | D        | Noticed a death knight
  1891 | D        | Noticed an ettin
  1897 | D        | Killed a centaur warrior
  1898 | D        | Noticed an ice dragon
  1901 | D        | Noticed a tengu warrior
  1912 | D        | Noticed a brown very ugly thing
  1919 | D        | Killed a death knight
  1924 | D        | Killed an ettin
  1925 | D        | Noticed a stone giant
  1951 | D        | Killed a brown very ugly thing
  1968 | D        | Killed an ice dragon
  1980 | D        | Killed a stone giant
  1980 | D        | Reached skill level 16 in Invocations
  1989 | D        | Killed a tengu warrior
  2166 | D        | Noticed Maurice
  2178 | D        | Killed Maurice
  2178 | D        | Reached XP level 13. HP: 112/112 MP: 8/25
  2649 | D        | Reached skill level 17 in Invocations
  3001 | D        | Noticed an entropy weaver
  3022 | D        | Killed an entropy weaver
  3022 | D        | Reached skill level 15 in Fighting
  3022 | D        | Reached skill level 18 in Invocations
  3131 | D        | Noticed Aizul
  3142 | D        | Killed Aizul
  3180 | D        | Noticed an ettin
  3196 | D        | Killed an ettin
  3197 | D        | Noticed a vampire knight
  3217 | D        | Noticed a frost giant
  3236 | D        | Killed a vampire knight
  3241 | D        | Noticed a stone giant
  3247 | D        | Gained mutation: You have a pair of small antennae on your head. [demonic ancestry]
  3247 | D        | Reached XP level 14. HP: 117/124 MP: 4/27
  3249 | D        | Killed a frost giant
  3249 | D        | Reached skill level 19 in Invocations
  3256 | D        | Killed a stone giant
  3257 | D        | Noticed a red very ugly thing
  3268 | D        | Killed a red very ugly thing
  3268 | D        | Reached skill level 15 in Armour
  3268 | D        | Reached skill level 15 in Shields
  3336 | D        | Noticed a sphinx
  3366 | D        | Noticed a stone giant
  3372 | D        | Noticed an azure jelly
  3372 | D        | a sphinx changed into an azure jelly
  3372 | D        | Killed an azure jelly
  3373 | D        | Noticed an ironheart preserver
  3398 | D        | Noticed a stone giant
  3408 | D        | Killed an ironheart preserver
  3412 | D        | Killed a stone giant
  3424 | D        | Reached skill level 20 in Invocations
  3425 | D        | Noticed a vault warden
  3427 | D        | Killed a stone giant
  3427 | D        | Reached skill level 15 in Dodging
  3461 | D        | Killed a vault warden
  3566 | D        | Noticed Frances
  3567 | D        | Noticed Xtahua
  3568 | D        | Paralysed by Xtahua for 2 turns
  3578 | D        | Killed from afar by Xtahua

Vault maps used:
D:        linesprint

Skill      XL: |  1  2  3  4  5  6  7  8  9 10 11 12 13 14 |
---------------+-------------------------------------------+-----
Maces & Flails | 3 4 5 8 10 12 13 15 16 17 | 17.3
Armour         | 3 4 6 7 8 9 10 11 12 14 15 | 15.7
Shields        | 3 4 6 7 8 9 10 11 12 14 15 | 15.0
Fighting       | 4 7 8 9 10 12 13 15 16 | 16.9
Dodging        | 4 5 6 7 9 10 12 14 15 | 15.2
Invocations    | 6 8 9 11 12 14 16 18 20 | 20.3

Action                   |  1- 3 |  4- 6 |  7- 9 | 10-12 | 13-15 || total
-------------------------+-------+-------+-------+-------+-------++-------
Melee: Flail             |    26 |       |       |       |       ||    26
       Morningstar       |       |     7 |    92 |   147 |       ||   246
       Demon whip        |       |       |       |    99 |   353 ||   452
Invok: Slouch            |       |       |       |    16 |     4 ||    20
  Use: Potion            |     1 |     3 |       |     3 |     3 ||    10
       Scroll            |       |       |       |     1 |     1 ||     2
 Stab: Invisible         |       |     1 |     3 |       |       ||     4
       Petrifying        |       |       |       |       |     3 ||     3
       Paralysed         |       |       |       |       |     1 ||     1
       Distracted        |       |       |       |       |     1 ||     1
       Petrified         |       |       |       |       |     1 ||     1
  Eat: Chunk             |       |       |       |     4 |     3 ||     7
Armor: Scale mail        |     7 |       |       |       |       ||     7
       Plate armour      |       |     2 |    13 |    25 |    29 ||    69
Dodge: Dodged            |     8 |     5 |    28 |    63 |    88 ||   192
Block: Shield            |    13 |     2 |    81 |   139 |   192 ||   427
       Reflection        |       |       |       |       |     7 ||     7

Table legend:
 A = Spawn XP
 B = Non-spawn XP
 C = Spawn XP percentage of total XP
 D = Spawn monster count
 E = Non-spawn monster count
 F = Spawn count percentage of total count
 G = Total turns spent on level
                    A         B        C        D         E        F      G
               +---------+---------+-------+---------+---------+-------+---------
         Total |       0 |   87653 |   0.0 |       0 |     185 |   0.0 |  3578
               +---------+---------+-------+---------+---------+-------+---------
             D |       0 |   87653 |   0.0 |       0 |     185 |   0.0 |  3578
               +---------+---------+-------+---------+---------+-------+---------

Vault maps used:
D:        linesprint
